Match 45834816
Unlisted

Match 45834816
End
Panzergrenadier Squad
Selects Italian Combined Arms Battlegroup
Selects Bersaglieri Squad
Bersaglieri Squad
250 Light Carrier
Construct Light Support Kompanie
2.5-tonne Medical Truck
Fire Support Elements
Panzerjäger Mechanized Group
Flakvierling Half-track
Bersaglieri Squad
Selects Semovente da 75/18 Assault Gun
Pak 38 Anti-tank Gun Team
Combat Half-tracks
Selects Carro Armato M13/40 Light Tank
Carro Armato M13/40 Light Tank
2.5-tonne Medical Truck
Carro Armato M13/40 Light Tank
Selects Artillery Cover
Artillery Cover
Construct Panzerarmee Kommand
Selects Bersaglieri Bolster
Selects Breda Model 30 Light Machine Guns
Armored Reserves
Tungsten Core Ammunition
StuG Assault Group
RadioActiveMan
Waffen-YT
ManOfWar
Adult Asthma Is A Choice
0
0

Comments sign in to comment!

No comments posted yet!